[Event "Titled Tuesday Blitz October 31 Late 2023"]
[White "Mushini Ajay"]
[Black "Djordjevic, Dejan N"]
[WhiteFideId "35066188"]
[BlackFideId "913316"]
[WhiteElo "2431"]
[BlackElo "2031"]
[Result "0-1"]
[Round "4"]
[TimeControl "180+1"]
[Date "2023.10.31"]
[WhiteClock "0:00:00"]
[BlackClock "0:00:03"]
[Board "131"]

1. e4 c5 2. Nf3 Nc6 3. g3 d5 4. exd5 Qxd5 5. Nc3 Qd8 6. Bg2 Nf6 7. O-O Bf5 8. d3 e6 9. Re1 Be7 10. Ne5 Nxe5 11. Rxe5 Qc8 12. Qe2 Nd7 13. Rxf5 exf5 14. Bg5 f6 15. Nd5 Qd8 16. Bf4 Kf7 17. Nc7 Ne5 18. Nxa8 Qxa8 19. Bd5+ Kg6 20. Bxe5 fxe5 21. Qxe5 Bf6 22. Qe6 Qe8 23. Qd6 b6 24. Kf1 Qe5 25. Qxe5 Bxe5 26. c3 Rd8 27. Bc4 f4 28. Kg2 Kf6 29. Kf3 g5 30. a4 a5 31. h4 fxg3 32. hxg5+ Kxg5 33. fxg3 Rf8+ 34. Kg2 h5 35. Re1 Kf6 36. Rf1+ Ke7 37. Rh1 Rg8 38. Rh3 Rg5 39. Kf3 Kf6 40. Ke4 Bxg3 41. d4 cxd4 42. cxd4 h4 43. Rh1 Ke7 44. Rf1 Rg7 45. Rh1 Kd6 46. Kf5 Re7 47. b3 Re3 48. d5 Kc5 0-1


[Site "https://www.chess.com"]

[Event "Titled Tuesday Blitz October 31 Late 2023"]
[White "Gyulamiryan-koryun"]
[Black "Devagharan, Devina"]
[BlackFideId "2061600"]
[WhiteElo "1909"]
[BlackElo "2425"]
[Result "0-1"]
[Round "4"]
[TimeControl "180+1"]
[Date "2023.10.31"]
[WhiteClock "0:00:58"]
[BlackClock "0:01:07"]
[Board "132"]

1. e4 c5 2. Nf3 d6 3. d4 cxd4 4. Nxd4 Nf6 5. Nc3 Nc6 6. Be3 Ng4 7. Bf4 Nxd4 8. Qxd4 e5 9. Qa4+ Bd7 10. Bb5 exf4 11. O-O-O Nxf2 12. Bxd7+ Qxd7 13. Nb5 Nxd1 14. Rxd1 Rc8 15. c4 a6 16. Nc3 Qxa4 17. Nxa4 Rxc4+ 18. Nc3 Be7 19. Kb1 O-O 20. Nd5 Bg5 21. h4 Bf6 22. Nxf6+ gxf6 23. Rxd6 Rfc8 24. a3 Rxe4 25. Rxf6 Re2 26. Rxf4 Rxg2 27. Rb4 b5 28. a4 Rc5 29. a5 Rc4 30. Rb3 Rg1+ 31. Ka2 Ra4+ 32. Ra3 Rxa3+ 33. Kxa3 Rg4 0-1


[Site "https://www.chess.com"]

[Event "Titled Tuesday Blitz October 31 Late 2023"]
[White "Gabdushev, Ruslan"]
[Black "Burke, Paul"]
[WhiteFideId "4137833"]
[BlackFideId "2605767"]
[WhiteElo "2423"]
[BlackElo "1890"]
[Result "1-0"]
[Round "4"]
[TimeControl "180+1"]
[Date "2023.10.31"]
[WhiteClock "0:01:08"]
[BlackClock "0:00:00"]
[Board "133"]

1. b3 a6 2. Bb2 d6 3. e3 Nd7 4. c4 Ngf6 5. d4 g6 6. Nf3 Bg7 7. Be2 O-O 8. O-O Re8 9. Nc3 c6 10. Qc2 Qc7 11. h3 e5 12. Rfd1 e4 13. Nd2 d5 14. Rdc1 Qd8 15. b4 h6 16. a4 Kh7 17. b5 axb5 18. axb5 Rxa1 19. Rxa1 dxc4 20. Nxc4 Nd5 21. bxc6 bxc6 22. Nxe4 N7f6 23. Ned6 Rf8 24. Ra7 Be6 25. Ba3 Ne8 26. Nxe8 Rxe8 27. Nd6 Rf8 28. Qxc6 Qg5 29. Ne4 1-0


[Site "https://www.chess.com"]

[Event "Titled Tuesday Blitz October 31 Late 2023"]
[White "Vargas, Mauricio"]
[Black "Polaczek, Richard"]
[WhiteFideId "4404572"]
[BlackFideId "200026"]
[WhiteElo "1855"]
[BlackElo "2421"]
[Result "0-1"]
[Round "4"]
[TimeControl "180+1"]
[Date "2023.10.31"]
[WhiteClock "0:00:00"]
[BlackClock "0:00:57"]
[Board "134"]

1. e4 Nf6 2. e5 Nd5 3. Nc3 Nxc3 4. dxc3 d6 5. Bc4 Nc6 6. f4 dxe5 7. Qf3 e6 8. Be3 exf4 9. Bxf4 Bd6 10. Rd1 O-O 11. Nh3 Qh4+ 12. Bg3 Qxc4 13. Bxd6 cxd6 14. b3 Qc5 15. b4 Qe5+ 16. Kd2 d5 17. Rhe1 Qf6 18. Qg3 Qh6+ 19. Ke2 e5 20. Kf1 Bxh3 21. gxh3 Rad8 22. Re2 Rd6 23. Qd3 e4 24. Qg3 Rg6 0-1


[Site "https://www.chess.com"]

[Event "Titled Tuesday Blitz October 31 Late 2023"]
[White "Martinez Ramirez, Lennis"]
[Black "Martinez, Shawn"]
[WhiteFideId "3509079"]
[BlackFideId "2039770"]
[WhiteElo "2687"]
[BlackElo "2362"]
[Result "1-0"]
[Round "4"]
[TimeControl "180+1"]
[Date "2023.10.31"]
[WhiteClock "0:00:18"]
[BlackClock "0:00:00"]
[Board "135"]

1. e4 c5 2. Nf3 e6 3. b3 a6 4. Bb2 b5 5. a4 b4 6. d3 Bb7 7. g3 d5 8. exd5 Bxd5 9. Bg2 Nf6 10. O-O Be7 11. Nbd2 O-O 12. Nc4 Nc6 13. a5 Nd4 14. Nxd4 Bxg2 15. Kxg2 cxd4 16. Qf3 Rc8 17. Rfe1 Rc5 18. Re2 Rf5 19. Qc6 Nd5 20. Qxa6 Nc3 21. Bxc3 bxc3 22. Qb7 Bc5 23. a6 Rd5 24. a7 Qa8 25. Qxa8 Rxa8 26. Re5 Rxa7 27. Rxa7 Bxa7 28. Rxd5 exd5 29. Na5 Kf8 30. Nc6 Bb6 31. Nb4 Bd8 32. Nxd5 f5 33. Kf3 Kf7 34. g4 g6 35. gxf5 gxf5 36. Kg3 Ke6 37. Nf4+ Kf6 38. Ne2 Ke5 39. f4+ Kd5 40. b4 Be7 41. b5 Bf6 42. b6 Kc6 43. Ng1 Kxb6 44. Nf3 Kb5 45. Ng5 h6 46. Nf7 h5 47. Nd6+ Kb4 48. Nxf5 Ka3 49. Kf3 Kb2 50. Ng3 h4 51. Ne4 Kxc2 52. Nxf6 Kd1 53. Ke4 c2 54. Kxd4 c1=Q 55. Ke4 Qc6+ 56. Nd5 Ke2 57. f5 Qa4+ 58. d4 Qc2+ 59. Ke5 Kf3 60. f6 Qe4+ 61. Kd6 Qxd4 62. f7 1-0


[Site "https://www.chess.com"]

[Event "Titled Tuesday Blitz October 31 Late 2023"]
[White "KorolDimitriy75"]
[Black "Seletsky, Grigory"]
[BlackFideId "14112191"]
[WhiteElo "2352"]
[BlackElo "2463"]
[Result "0-1"]
[Round "4"]
[TimeControl "180+1"]
[Date "2023.10.31"]
[WhiteClock "0:00:00"]
[BlackClock "0:00:40"]
[Board "136"]

1. d4 Nc6 2. Nf3 d5 3. c4 e6 4. Nc3 Nf6 5. cxd5 Nxd5 6. e4 Nxc3 7. bxc3 Be7 8. Bd3 O-O 9. O-O b6 10. Qe2 Bb7 11. Rd1 Na5 12. Bf4 Re8 13. h3 Qc8 14. Rac1 c5 15. Ne5 Bf8 16. Qh5 g6 17. Qh4 f5 18. Re1 fxe4 19. Bxe4 Bxe4 20. Rxe4 Bg7 21. Ng4 Rf8 22. Be5 Nc6 23. Bxg7 Kxg7 24. Rce1 cxd4 25. Rxe6 Rf7 26. cxd4 Qd7 27. R1e4 Raf8 28. d5 Qxd5 29. Qh6+ Kg8 30. Re8 Qd1+ 31. Kh2 Qd6+ 32. Kg1 Rxe8 33. Rxe8+ Rf8 34. Re3 Nd4 0-1


[Site "https://www.chess.com"]

[Event "Titled Tuesday Blitz October 31 Late 2023"]
[White "Wanyama, Harold"]
[Black "Bokros, Albert"]
[WhiteFideId "10000380"]
[BlackFideId "710458"]
[WhiteElo "2448"]
[BlackElo "2338"]
[Result "1-0"]
[Round "4"]
[TimeControl "180+1"]
[Date "2023.10.31"]
[WhiteClock "0:01:30"]
[BlackClock "0:00:00"]
[Board "137"]

1. d4 d5 2. c4 e6 3. g3 c6 4. Qc2 Nd7 5. Bg2 dxc4 6. Qxc4 Nb6 7. Qd3 Nf6 8. Nf3 Bd6 9. O-O O-O 10. Rd1 Re8 11. e4 Bf8 12. Nc3 a5 13. e5 Nfd5 14. Ng5 g6 15. h4 Nxc3 16. bxc3 Nd5 17. h5 Bg7 18. Ne4 b5 19. Bd2 Ba6 20. Nd6 Re7 21. Be4 Rd7 22. Qf3 Rxd6 23. exd6 Qxd6 24. Kg2 f5 25. Bxd5 exd5 26. Re1 b4 27. Bf4 Qd7 28. h6 Bf6 29. Be5 Bxe5 30. Rxe5 Re8 31. Rae1 Rxe5 32. Rxe5 bxc3 33. Qxc3 Bc4 34. Qxa5 Kf7 35. Qa8 Kf6 36. Qh8+ Kg5 37. Qf8 Bxa2 38. f4+ Kg4 39. Qf6 Qd8 40. Qxd8 1-0


[Site "https://www.chess.com"]

[Event "Titled Tuesday Blitz October 31 Late 2023"]
[White "Fernandez, Maria Florencia"]
[Black "Musovic, Armin"]
[WhiteFideId "116459"]
[BlackFideId "939935"]
[WhiteElo "2318"]
[BlackElo "2447"]
[Result "0-1"]
[Round "4"]
[TimeControl "180+1"]
[Date "2023.10.31"]
[WhiteClock "0:00:06"]
[BlackClock "0:00:30"]
[Board "138"]

1. d4 d5 2. c4 c5 3. e3 e6 4. Nc3 Nf6 5. Nf3 Nc6 6. cxd5 exd5 7. dxc5 Bxc5 8. Bd3 O-O 9. O-O Bg4 10. h3 Bh5 11. Be2 Rc8 12. Nb5 a6 13. Nbd4 Ba7 14. g4 Bg6 15. b3 Re8 16. Bb2 Ne4 17. Rc1 Nxd4 18. Nxd4 Rxc1 19. Qxc1 Bb8 20. f4 Ng3 21. Rf3 Nxe2+ 22. Nxe2 Be4 23. Rg3 Qh4 24. Qc3 f6 25. g5 Bg6 26. gxf6 gxf6 27. Qxf6 Qxf6 28. Bxf6 Kf7 29. Bd4 Rc8 30. Rg2 Rc2 31. Ng3 Rc1+ 32. Kh2 Bd3 33. Nh5 Be4 34. Rg7+ Ke6 35. Rxb7 Bd6 36. Rxh7 Bxh7 37. Kg3 Rg1+ 38. Kh4 Be7+ 39. Nf6 Bxf6+ 40. Kh5 Bg6+ 41. Kh6 Bxd4 42. exd4 Bf5 43. h4 Rg4 44. h5 Rxf4 45. Kg5 Rg4+ 46. Kh6 Rxd4 47. Kg7 Rg4+ 48. Kh8 Rh4 49. Kg7 Rxh5 50. a4 Rg5+ 51. Kf8 Bh7 0-1


[Site "https://www.chess.com"]

[Event "Titled Tuesday Blitz October 31 Late 2023"]
[White "Palacio,Igor Da Paz"]
[Black "Kawuma, Patrick"]
[WhiteFideId "2121140"]
[BlackFideId "10000127"]
[WhiteElo "2236"]
[BlackElo "2403"]
[Result "1-0"]
[Round "4"]
[TimeControl "180+1"]
[Date "2023.10.31"]
[WhiteClock "0:00:02"]
[BlackClock "0:00:04"]
[Board "139"]

1. e4 e6 2. d4 d5 3. Nd2 dxe4 4. Nxe4 Nd7 5. Nf3 Ngf6 6. Nxf6+ Nxf6 7. Bd3 c5 8. dxc5 Bxc5 9. O-O O-O 10. c3 Qb6 11. Qe2 Bd7 12. Bg5 Rfd8 13. Ne5 Be8 14. Ng4 Rxd3 15. Nxf6+ gxf6 16. Bxf6 Bb5 17. c4 Bxc4 18. Qg4+ Kf8 19. Qxc4 Rd5 20. Qg4 Rf5 21. Qg7+ Ke8 22. Qh8+ Bf8 23. Rad1 Qc5 24. Rc1 Qb6 25. Bg7 Qb4 26. Bf6 Qf4 27. Bg7 Qb4 28. Bxf8 Qxf8 29. Qxf8+ Kxf8 30. Rc7 Rb5 31. b3 Rd8 32. Rfc1 Rd2 33. R7c2 Rd7 34. Kf1 Ke7 35. g3 a5 36. Rc7 Rd5 37. Rxd7+ Kxd7 38. Ke2 h5 39. Rd1 Rxd1 40. Kxd1 Kd6 41. Kd2 Ke5 42. Ke3 Kf5 43. h3 h4 44. g4+ Ke5 45. f4+ Kd5 46. Kd3 b5 47. a3 b4 48. axb4 axb4 49. Ke3 f6 50. g5 fxg5 51. fxg5 Ke5 52. Kf3 Kf5 53. g6 Kxg6 54. Kg4 Kf6 55. Kxh4 Kf5 56. Kg3 Ke4 57. h4 Kd3 58. h5 Kc3 59. h6 Kxb3 60. h7 Ka2 61. h8=Q b3 62. Qa8+ Kb1 63. Qe4+ Ka2 64. Qxe6 Kb2 65. Qe2+ Ka1 66. Qa6+ Kb1 67. Qf1+ Ka2 68. Qa6+ Kb1 69. Qa3 b2 70. Kf2 Kc2 71. Qa4+ Kc1 72. Qc4+ Kd2 73. Qd4+ Kc1 74. Qc3+ Kb1 75. Ke2 Ka2 76. Qa5+ Kb1 77. Kd3 Kc1 78. Qe1# 1-0


[Site "https://www.chess.com"]

[Event "Titled Tuesday Blitz October 31 Late 2023"]
[White "De Souza, Cristiano Gomes"]
[Black "Todorovic, Bojan"]
[WhiteFideId "2151758"]
[BlackFideId "917087"]
[WhiteElo "2233"]
[BlackElo "2401"]
[Result "1-0"]
[Round "4"]
[TimeControl "180+1"]
[Date "2023.10.31"]
[WhiteClock "0:00:12"]
[BlackClock "0:00:04"]
[Board "140"]

1. d4 Nf6 2. c4 g6 3. Nc3 Bg7 4. e4 O-O 5. Nf3 d6 6. Be2 c5 7. O-O Nc6 8. d5 Na5 9. h3 e5 10. a3 b6 11. b4 Nb7 12. Be3 Bd7 13. Nd2 cxb4 14. axb4 a5 15. bxa5 Nxa5 16. Nb5 Bxb5 17. cxb5 Nd7 18. Nc4 Nxc4 19. Bxc4 Nc5 20. Qc2 Rc8 21. f3 Qh4 22. Bf2 Qg5 23. Qc1 Qxc1 24. Rfxc1 Bh6 25. Rc2 f5 26. exf5 gxf5 27. Ra7 e4 28. Bd4 Nd3 29. Bxb6 Ne1 30. Re2 Rxc4 31. Rxe1 Rfc8 32. fxe4 fxe4 33. Be3 Bxe3+ 34. Rxe3 Rb4 35. Rg3+ Kh8 36. Rgg7 Rxb5 37. Rxh7+ Kg8 38. Rag7+ Kf8 39. Rd7 Kg8 40. Rhg7+ Kh8 41. Rge7 Rxd5 42. Rxe4 Rg8 43. Ree7 Rc8 44. Re6 Rd1+ 45. Kh2 d5 46. Red6 Rc5 47. Ra7 Rc8 48. Ra5 d4 49. Rad5 Rc4 50. Rg5 Rc8 51. Rh6# 1-0


[Site "https://www.chess.com"]

[Event "Titled Tuesday Blitz October 31 Late 2023"]
[White "FuenfgegenWilly"]
[Black "Alfaro, William"]
[BlackFideId "6100457"]
[WhiteElo "2398"]
[BlackElo "2187"]
[Result "1/2-1/2"]
[Round "4"]
[TimeControl "180+1"]
[Date "2023.10.31"]
[WhiteClock "0:00:40"]
[BlackClock "0:00:07"]
[Board "141"]

1. Nf3 Nf6 2. c4 g6 3. Nc3 Bg7 4. e3 O-O 5. d4 d6 6. Be2 c5 7. O-O Nc6 8. b3 Bg4 9. Bb2 a6 10. d5 Bxf3 11. Bxf3 Ne5 12. Be2 Qd7 13. a4 h5 14. h3 Nh7 15. f4 Bh6 16. fxe5 Bxe3+ 17. Kh1 dxe5 18. Ne4 f5 19. Nf2 Ng5 20. Bxe5 Bxf2 21. Rxf2 Ne4 22. Rf3 g5 23. Rf1 g4 24. Bd3 e6 25. Bxe4 fxe4 26. dxe6 Rxf1+ 27. Qxf1 Qxe6 28. Qf6 Qxf6 29. Bxf6 Kf7 30. Rf1 Ke6 31. Bg5 Rg8 32. Be3 b6 33. Rf4 Ke5 34. hxg4 hxg4 35. Kh2 Rd8 36. Rxg4 Rd3 37. Rg3 Ke6 38. Bxc5 bxc5 39. Rg5 Rxb3 40. Rxc5 Rb4 41. Ra5 Rxc4 42. Rxa6+ Kf5 43. Kg3 Rc3+ 44. Kf2 Kf4 45. Rf6+ Ke5 46. Rf8 Rc2+ 47. Kg3 Ra2 48. Ra8 Kd4 49. a5 e3 50. a6 Kd3 51. a7 Ke2 52. Kh4 Ke1 53. Re8 Rxa7 54. Rxe3+ Kf2 55. Re4 Kxg2 56. Rg4+ Kf2 57. Rg6 Ke3 58. Kg5 Ra5+ 59. Kh6 Rd5 60. Re6+ Kd4 61. Re8 Kc5 62. Re1 Rd6+ 63. Kg5 Rd5+ 64. Kf4 Rd4+ 65. Kf3 Rd7 66. Re5+ Kd6 67. Rh5 Rf7+ 68. Kg4 Rf8 69. Rh6+ Ke7 70. Ra6 Rf7 71. Ra7+ Ke8 72. Ra6 Ke7 73. Ra8 Rf8 74. Ra7+ Ke6 75. Kg5 Rf2 76. Ra6+ Ke5 77. Ra5+ Ke4 78. Ra4+ Ke5 79. Kg4 Kd6 80. Ra6+ Kc5 81. Ra5+ Kb4 82. Rh5 Rc2 83. Kf3 Rc4 84. Rh2 Rc5 85. Rb2+ Kc4 86. Rg2 Rd5 87. Rg8 Kd4 88. Re8 Rf5+ 89. Kg4 Re5 90. Rd8+ Rd5 91. Rf8 Re5 92. Kf3 Rd5 93. Re8 Rd6 94. Ra8 Rf6+ 95. Ke2 Re6+ 96. Kd2 Rf6 97. Ra4+ Kd5 98. Ra5+ Kd6 99. Kd3 Rf3+ 100. Ke4 Rh3 101. Ra6+ Kc5 102. Ra8 Rh4+ 103. Kd3 Rh3+ 104. Kc2 Kc4 105. Rc8+ Kd4 1/2-1/2


[Site "https://www.chess.com"]

[Event "Titled Tuesday Blitz October 31 Late 2023"]
[White "Nikolova, Adriana"]
[Black "Sailer, Mike"]
[WhiteFideId "2908689"]
[BlackFideId "2012901"]
[WhiteElo "2393"]
[BlackElo "2054"]
[Result "0-1"]
[Round "4"]
[TimeControl "180+1"]
[Date "2023.10.31"]
[WhiteClock "0:00:05"]
[BlackClock "0:00:08"]
[Board "142"]

1. e4 g6 2. d4 Bg7 3. Nc3 c5 4. dxc5 Qa5 5. Bd2 Qxc5 6. Nf3 d6 7. Bd3 Bg4 8. h3 Bxf3 9. Qxf3 Nc6 10. Nd5 Nd4 11. Qd1 e6 12. b4 Qc8 13. Ne3 Ne7 14. O-O O-O 15. c3 Ndc6 16. Rc1 Ne5 17. Be2 a5 18. b5 Nd7 19. f4 Nc5 20. Qc2 Qc7 21. a4 Rac8 22. Bf3 Qb6 23. Kh2 Rfd8 24. Nc4 Qc7 25. b6 Qb8 26. Nxa5 d5 27. e5 Nf5 28. g4 Nh4 29. Bh1 g5 30. Nb3 gxf4 31. Nxc5 Rxc5 32. Bxf4 Bxe5 33. Qf2 Rc4 34. Bxe5 Qxe5+ 35. Qg3 Qxg3+ 36. Kxg3 Ng6 37. a5 Ra8 38. Ra1 Rxc3+ 39. Rf3 Rxf3+ 40. Bxf3 Ne7 41. Be2 Nc6 42. a6 bxa6 43. b7 Rb8 44. Bxa6 Nb4 45. Be2 Rxb7 46. Rb1 Rb8 47. Kh4 Nc6 48. Rc1 Ne5 49. Kg5 Kg7 50. Kf4 Nd7 51. h4 Nf6 52. g5 Nd7 53. Bf3 Rb4+ 54. Kg3 Ne5 55. Be2 Rb3+ 56. Kg2 Ng6 57. Kf2 Nxh4 58. Rh1 Ng6 59. Bd1 Nf4 60. Ke1 Rb2 61. Rh4 Ng2+ 62. Kf1 Nxh4 63. Ke1 Kg6 64. Kf1 Kxg5 65. Ke1 Kf4 66. Kf1 Ke3 67. Kg1 Rg2+ 68. Kh1 Rd2 69. Bh5 Nf3 70. Bg4 Rh2# 0-1


[Site "https://www.chess.com"]

[Event "Titled Tuesday Blitz October 31 Late 2023"]
[White "Desideri, Ricardo Maruchi"]
[Black "UK_23"]
[WhiteFideId "2110440"]
[WhiteElo "1959"]
[BlackElo "2373"]
[Result "0-1"]
[Round "4"]
[TimeControl "180+1"]
[Date "2023.10.31"]
[WhiteClock "0:01:35"]
[BlackClock "0:02:19"]
[Board "143"]

1. e4 e5 2. f4 exf4 3. Bc4 Nf6 4. Nc3 Nxe4 5. Bxf7+ Kxf7 6. Qh5+ g6 7. Qd5+ Kg7 8. Nxe4 Be7 9. b3 Bf6 10. Rb1 Re8 11. d3 c6 12. Qd6 Re6 13. Qxf4 d5 14. Bb2 dxe4 0-1


[Site "https://www.chess.com"]

[Event "Titled Tuesday Blitz October 31 Late 2023"]
[White "jactorres"]
[Black "Smirnov, Timofey"]
[BlackFideId "24176427"]
[WhiteElo "2502"]
[BlackElo "2242"]
[Result "1-0"]
[Round "4"]
[TimeControl "180+1"]
[Date "2023.10.31"]
[WhiteClock "0:00:18"]
[BlackClock "0:00:00"]
[Board "144"]

1. e4 e5 2. Nf3 Nf6 3. Nc3 Bb4 4. a3 Bxc3 5. dxc3 Nc6 6. Bc4 d6 7. Bg5 h6 8. Bh4 g5 9. Bg3 g4 10. Nd2 Nh5 11. O-O Nxg3 12. fxg3 Be6 13. Qe2 Qe7 14. Rf2 O-O-O 15. Raf1 Rdf8 16. Kh1 h5 17. Rf6 Bxc4 18. Nxc4 h4 19. Qf2 hxg3 20. Qxg3 Qd7 21. Ne3 Rhg8 22. Nd5 Rg7 23. Kg1 Ne7 24. Nxe7+ Qxe7 25. R1f5 Rfg8 26. Qe1 Rg5 27. Qf1 R5g7 28. Rxf7 Rxf7 29. Rxf7 Qe8 30. Qf5+ Kb8 31. Qd7 Qxd7 32. Rxd7 Kc8 33. Rf7 a5 34. Kf2 b6 35. Kg3 Kb7 36. Rf5 b5 37. h4 gxh3+ 38. Kxh3 Rh8+ 39. Kg3 Rh1 40. b3 Rc1 41. Rf2 Re1 42. Kf3 Rb1 43. g4 Rg1 44. Rg2 Rf1+ 45. Ke2 Rc1 46. Kd3 Rd1+ 47. Ke2 Rc1 48. Kd2 Ra1 49. g5 Rf1 50. g6 Rf8 51. g7 Rg8 52. Ke3 Kc8 53. Kf3 Kd7 54. Rg6 Ke7 55. Kg4 Kf7 56. Kf5 Rxg7 57. Rxg7+ Kxg7 58. Ke6 Kf8 59. Kd7 d5 60. exd5 e4 61. Kxc7 e3 62. d6 e2 63. d7 e1=Q 64. d8=Q+ Kg7 65. Qd4+ Kg6 66. Qd3+ Kf7 67. Kb6 Qe6+ 68. Kxb5 Qe8+ 69. Kc4 Qc8+ 70. Kd4 Qd7+ 71. Ke3 Qh3+ 72. Kd2 Qg2+ 73. Kc1 1-0


[Site "https://www.chess.com"]

[Event "Titled Tuesday Blitz October 31 Late 2023"]
[White "Lock, Gavin R"]
[Black "Bazilius, Augustinas"]
[WhiteFideId "408646"]
[BlackFideId "12832251"]
[WhiteElo "2239"]
[BlackElo "2500"]
[Result "0-1"]
[Round "4"]
[TimeControl "180+1"]
[Date "2023.10.31"]
[WhiteClock "0:00:00"]
[BlackClock "0:00:45"]
[Board "145"]

1. e4 c5 2. Nf3 a6 3. c3 d5 4. exd5 Qxd5 5. d4 Nf6 6. Be3 cxd4 7. cxd4 e6 8. Nc3 Qd8 9. Bd3 Bd6 10. O-O O-O 11. Qe2 b5 12. Ne4 Nd5 13. Nc5 Nd7 14. Rac1 N7b6 15. Bg5 Qe8 16. Qe4 f5 17. Qe2 Ra7 18. Rfe1 h6 19. Bd2 Nf4 20. Bxf4 Bxf4 21. Rcd1 Re7 22. Ne5 Bxe5 23. Qxe5 Qc6 24. Be2 Nc4 25. Bxc4 bxc4 26. b4 cxb3 27. axb3 Rd8 28. b4 Rd5 29. Qb8 Re8 30. Re3 e5 31. Rde1 Bd7 32. Qa7 Ra8 33. Qb7 Rxc5 0-1


[Site "https://www.chess.com"]

[Event "Titled Tuesday Blitz October 31 Late 2023"]
[White "Manukian, Artak"]
[Black "Broca Jimenez, Fernando"]
[WhiteFideId "13301373"]
[BlackFideId "5104742"]
[WhiteElo "2447"]
[BlackElo "2234"]
[Result "1-0"]
[Round "4"]
[TimeControl "180+1"]
[Date "2023.10.31"]
[WhiteClock "0:00:06"]
[BlackClock "0:00:06"]
[Board "146"]

1. e4 c5 2. Nf3 d6 3. Bb5+ Nd7 4. O-O Nf6 5. Re1 g6 6. c3 Bg7 7. d4 O-O 8. e5 dxe5 9. dxe5 Ng4 10. e6 Nde5 11. exf7+ Nxf7 12. Qe2 a6 13. Ba4 b5 14. Bc2 Bb7 15. Be4 Ra7 16. Nbd2 Re8 17. Bxb7 Rxb7 18. Qe6 Nf6 19. Ng5 Qd5 20. Ndf3 Qxe6 21. Nxe6 h6 22. Nxc5 Rb6 23. Ne6 Nd6 24. Be3 Rc6 25. Nfd4 Rcc8 26. a4 g5 27. axb5 axb5 28. Ra7 Kf7 29. Nxg7 Kxg7 30. h4 gxh4 31. Bf4 Kg6 32. Raxe7 Rxe7 33. Rxe7 Nf5 34. Nxf5 Kxf5 35. Be3 h5 36. Rb7 Nd5 37. Rxb5 Ke4 38. Bd4 h3 39. gxh3 Rg8+ 40. Kf1 Nf4 41. Ke1 Nd3+ 42. Kd2 Rg2 43. Kc2 Nxf2 44. Bxf2 Rxf2+ 45. Kb1 h4 46. Rh5 Rf4 47. b4 Kf3 48. Kb2 Kg3 49. b5 Kxh3 50. b6 Rf6 51. Rb5 Kg4 52. b7 Rf8 53. b8=Q Rxb8 54. Rxb8 Kh3 55. Rh8 1-0


[Site "https://www.chess.com"]

[Event "Titled Tuesday Blitz October 31 Late 2023"]
[White "Lukey, Stephen G"]
[Black "el_sporco"]
[WhiteFideId "4300386"]
[WhiteElo "2233"]
[BlackElo "2405"]
[Result "0-1"]
[Round "4"]
[TimeControl "180+1"]
[Date "2023.10.31"]
[WhiteClock "0:00:00"]
[BlackClock "0:00:13"]
[Board "147"]

1. d4 Nf6 2. c4 e6 3. Nf3 d5 4. g3 Be7 5. Bg2 O-O 6. O-O dxc4 7. Nc3 Nc6 8. e4 Nb4 9. Ne5 b6 10. a3 Nd3 11. Nc6 Qe8 12. e5 Nd5 13. Nxd5 exd5 14. Bxd5 Bh3 15. Nxe7+ Qxe7 16. Bxc4 Bxf1 17. Qxf1 Nxc1 18. Rxc1 Rad8 19. Qd3 c5 20. d5 Qxe5 21. b4 b5 22. Bxb5 Rxd5 23. Qf3 cxb4 24. Bc4 Rd6 25. Ba2 Rf6 26. Qb3 Qe2 27. Rf1 Rf3 28. Qd5 Rxa3 29. Bc4 Qe7 30. Rd1 g6 31. h4 a5 32. Rd4 Ra1+ 33. Kg2 Re1 34. Rf4 Re5 35. Qd4 Kg7 36. Rg4 f6 37. h5 Qb7+ 38. Kh2 Rxh5+ 39. Rh4 Rxh4+ 40. Qxh4 Qf3 0-1


[Site "https://www.chess.com"]

[Event "Titled Tuesday Blitz October 31 Late 2023"]
[White "Jegorovas, Aleksandras"]
[Black "Clawitter, Craig"]
[WhiteFideId "12801950"]
[BlackFideId "2023105"]
[WhiteElo "2375"]
[BlackElo "2221"]
[Result "0-1"]
[Round "4"]
[TimeControl "180+1"]
[Date "2023.10.31"]
[WhiteClock "0:02:40"]
[BlackClock "0:02:02"]
[Board "148"]

1. e4 e6 2. d4 d5 3. e5 c5 4. c3 Qb6 5. Nf3 Nc6 6. Na3 cxd4 7. cxd4 Bb4+ 8. Bd2 Nxd4 9. Nxd4 Qxd4 10. Qa4+ Bd7 11. Qxb4 Qxe5+ 12. Be2 Nf6 13. f4 Qf5 14. O-O Ne4 15. Bc3 Rc8 16. Qxb7 Nxc3 17. bxc3 0-1


[Site "https://www.chess.com"]

[Event "Titled Tuesday Blitz October 31 Late 2023"]
[White "SergioMoralesG"]
[Black "Sarkar, Justin"]
[BlackFideId "2010011"]
[WhiteElo "2367"]
[BlackElo "2220"]
[Result "1-0"]
[Round "4"]
[TimeControl "180+1"]
[Date "2023.10.31"]
[WhiteClock "0:00:09"]
[BlackClock "0:00:00"]
[Board "149"]

1. d4 Nf6 2. c4 g6 3. Nc3 d6 4. e4 Bg7 5. Nf3 O-O 6. Be2 e5 7. Be3 Ng4 8. Bg5 f6 9. Bh4 Nc6 10. d5 Ne7 11. Nd2 Nh6 12. f3 g5 13. Bf2 f5 14. O-O f4 15. c5 Nf7 16. Nc4 h5 17. cxd6 Nxd6 18. Nxd6 cxd6 19. Rc1 Rf6 20. Nb5 Bd7 21. Qb3 g4 22. Nc7 Rc8 23. Qxb7 Rb8 24. Qa6 Rxb2 25. Ne6 Bxe6 26. dxe6 Rg6 27. Rb1 Rxb1 28. Rxb1 g3 29. Bxa7 gxh2+ 30. Kh1 Kh7 31. Rb8 Qc7 32. Rb1 Qc2 33. Rf1 1-0


[Site "https://www.chess.com"]

[Event "Titled Tuesday Blitz October 31 Late 2023"]
[White "Kazakov, Mikhail"]
[Black "Mariia89"]
[WhiteFideId "14102749"]
[WhiteElo "2360"]
[BlackElo "2185"]
[Result "1-0"]
[Round "4"]
[TimeControl "180+1"]
[Date "2023.10.31"]
[WhiteClock "0:00:19"]
[BlackClock "0:00:00"]
[Board "150"]

1. d4 Nf6 2. c4 c5 3. d5 b5 4. Qc2 b4 5. e4 d6 6. Nf3 g6 7. Be2 Bg7 8. O-O O-O 9. h3 a5 10. Bf4 Nh5 11. Bh2 a4 12. a3 Qa5 13. e5 Bf5 14. Qd2 Bxb1 15. Raxb1 dxe5 16. Nxe5 Nf6 17. Bf3 Ra7 18. Qe3 Nbd7 19. Nc6 Qb6 20. axb4 Raa8 21. b5 Rfe8 22. Rfe1 e6 23. d6 Bf8 24. Ne7+ Bxe7 25. dxe7 Rac8 26. Red1 Rxe7 27. Bc6 Nb8 28. Qg5 Nxc6 29. Qxf6 Ree8 30. bxc6 h5 31. Be5 1-0


[Site "https://www.chess.com"]

[Event "Titled Tuesday Blitz October 31 Late 2023"]
[White "Padalka, Artem"]
[Black "Wisniowski, Natalie"]
[WhiteFideId "14118637"]
[BlackFideId "30929261"]
[WhiteElo "2330"]
[BlackElo "2166"]
[Result "1-0"]
[Round "4"]
[TimeControl "180+1"]
[Date "2023.10.31"]
[WhiteClock "0:00:08"]
[BlackClock "0:00:00"]
[Board "151"]

1. e4 c5 2. b4 cxb4 3. a3 bxa3 4. Bxa3 d6 5. d4 e6 6. Nf3 Nc6 7. Bd3 Nf6 8. Nbd2 Be7 9. O-O O-O 10. Qe2 Bd7 11. e5 dxe5 12. dxe5 Nd5 13. Qe4 g6 14. Bxe7 Qxe7 15. Nc4 Rfd8 16. h4 Ncb4 17. Nd6 Bc6 18. Ng5 f5 19. exf6 Qxd6 20. f7+ Kh8 21. Nxe6 Nxd3 22. cxd3 Nf6 23. Qe3 Qd5 24. f3 Nd7 25. Nxd8 Rxd8 26. Qe8+ Nf8 27. Qe7 Qd4+ 28. Kh1 Qd6 29. Qxd6 Rxd6 30. Rxa7 Rf6 31. Ra8 Rxf7 32. Re1 Kg7 33. Re5 Rd7 34. Ree8 Rf7 35. Red8 Rf5 36. d4 Rd5 37. Rxd5 Bxd5 38. Rd8 Bc6 39. d5 Bb5 40. Rb8 Ba6 41. d6 Bb5 42. Rxb7+ Bd7 43. Rb5 Kf6 44. Rb7 Ke6 45. Rb6 h6 46. Kh2 Nh7 47. Kg3 Nf6 48. Ra6 Ne8 49. Ra8 Nxd6 50. Rh8 h5 51. Kf4 Kf6 52. g4 hxg4 53. fxg4 Nf7 54. Rf8 Kg7 55. Ra8 Be6 56. Ra7 Bd5 57. h5 gxh5 58. gxh5 Kh6 59. Kg4 Be6+ 60. Kh4 Kg7 61. Ra6 Bd5 62. Rb6 Be6 63. Rxe6 Kh7 64. Ra6 Kg7 65. Kg4 Nh6+ 66. Kg5 Nf7+ 67. Kf4 Nh6 68. Rg6+ Kh7 69. Kg5 Nf7+ 70. Kf6 Nd6 71. Rg7+ Kh8 72. Re7 Nc4 73. Kg6 1-0


[Site "https://www.chess.com"]